 Dungeon Crawl Stone Soup version 0.14-a0-629-g748cab2 (webtiles) character file.

141 Malachi the Ruinous (level 4, 0/36 HPs)
             Began as a Naga Conjurer on Nov 5, 2013.
             Succumbed to an adder's poison
             ... on Level 2 of the Dungeon.
             The game lasted 00:05:31 (3632 turns).

Malachi the Ruinous (Naga Conjurer)                 Turns: 3632, Time: 00:05:31

HP   0/36        AC  2     Str 10      XL: 4   Next: 31%
MP   3/7         EV  9     Int 16      God:
Gold 66          SH  0     Dex 10 (12) Spells:  2 memorised,  1 level left

Res.Fire  : . . .   See Invis. : +   g - +2,+0 elf spear
Res.Cold  : . . .   Warding    : .   a - +0 robe
Life Prot.: . . .   Conserve   : .   (no shield)
Res.Poison: +       Res.Corr.  : .   (no helmet)
Res.Elec. : .       Clarity    : .   (no cloak)
Sust.Abil.: . .     Spirit.Shd : .   (no gloves)
Res.Mut.  : .       Stasis     : .   (no barding)
Res.Rott. : .       Flight     : .   (no amulet)
Saprovore : . . .                    (no ring)
                                     (no ring)

@: confused, mildly poisoned, very slow, slightly resistant to hostile
enchantments, very unstealthy
A: spit poison, see invisible, deformed body, poison resistance, slowness 2, AC
+1
a: Spit Poison


You were on level 2 of the Dungeon.
You were not hungry.

You visited 1 branch of the dungeon, and saw 2 of its levels.

You collected 66 gold pieces.

Inventory:

Hand weapons
 g - a +2,+0 elven spear (weapon)
 k - a +0,+0 dagger
Armour
 a - a +0 robe (worn)
Comestibles
 b - 2 bread rations
 d - 3 meat rations
 i - a sausage
 p - a choko
 r - a rotting chunk of rat flesh
Scrolls
 e - 3 scrolls of remove curse {unknown}
 f - a scroll of fog {unknown}
 h - a scroll of enchant armour {unknown}
 j - a scroll of fear {unknown}
 m - 2 scrolls of magic mapping {unknown}
 o - a scroll of blinking {unknown}
Books
 c - a book of Conjurations

   Spells                             Type                      Level
   *Magic Dart                        Conjuration                  1
   Searing Ray                        Conjuration                  2
   *Dazzling Spray                    Conjuration/Hexes            3
   Iskenderun's Mystic Blast          Conjuration                  4
   Iskenderun's Battlesphere          Conjuration/Charms           4
   Fulminant Prism                    Conjuration/Hexes            5


   Skills:
 - Level 1.5 Dodging
 + Level 3.1 Stealth
 - Level 1.0 Spellcasting
 * Level 5.6 Conjurations


You had one spell level left.
You knew the following spells:

 Your Spells              Type           Power        Failure   Level  Hunger
a - Magic Dart            Conj           ###.         2%          1    ##.....
b - Dazzling Spray        Conj/Hex       #.......     21%         3    ####...


Dungeon Overview and Level Annotations

Branches:
Dungeon (2/27)

Altars:


Innate Abilities, Weirdness & Mutations

You cannot wear boots.
You can spit poison.
Your serpentine skin is tough (AC +1).
You have supernaturally acute eyesight.
Armour fits poorly on your strangely shaped body.
Your system is resistant to poisons.
You cover ground very slowly.


Message History

You start resting.
* * * LOW HITPOINT WARNING * * *
You feel sick.
You start resting.
* * * LOW HITPOINT WARNING * * *
You feel sick.
Drink which item? (? for menu, Esc to quit)
You feel refreshed.
It was a potion of restore abilities.
* * * LOW HITPOINT WARNING * * *
You feel sick.
Drink which item? (? for menu, Esc to quit)
You are confused.
It was a potion of confusion.
* * * LOW HITPOINT WARNING * * *
You feel sick.
Drink which item? (? for menu, Esc to quit)
There was something very wrong with that liquid!
You feel clumsy.
It was a potion of degeneration.
You die...

.....##.%..#
.....##....# ....
####.# #..# #...)#
#..# #....# ## #..#
#....#
###...#####..######.#
....................#
###......##..@%.#####
####...##.....#
######..#### #..#
###########..# ##
#...##.......#
.###[..##.......#
................#
.##########....##


There were no monsters in sight!

Vanquished Creatures
  2 adders (D:2)
  2 worms
  A giant gecko (D:1)
  2 oozes
  6 hobgoblins (D:1)
  4 kobolds
  2 ball pythons
  9 bats
  6 giant newts
  4 goblins
  2 jackals (D:2)
  5 rats
45 creatures vanquished.

Notes
Turn   | Place    | Note
--------------------------------------------------------------
     0 | D:1      | Malachi, the Naga Conjurer, began the quest for the Orb.
     0 | D:1      | Reached XP level 1. HP: 15/15 MP: 3/3
   711 | D:1      | Reached XP level 2. HP: 22/22 MP: 1/4
  1625 | D:1      | Reached XP level 3. HP: 28/28 MP: 1/5
  1782 | D:1      | Reached skill level 5 in Conjurations
  2031 | D:1      | Learned a level 3 spell: Dazzling Spray
  3339 | D:2      | Reached XP level 4. HP: 25/36 MP: 7/7
  3630 | D:2      | HP: 1/36 [poisoned by an adder]
  3632 | D:2      | Succumbed to an adder's poison

Action                   |  1- 3 |  4- 6 || total
-------------------------+-------+-------++-------
Melee: Unarmed           |     9 |       ||     9
       Spear             |    43 |    16 ||    59
       Dagger            |    23 |       ||    23
 Cast: Magic Dart        |    56 |     1 ||    57
       Dazzling Spray    |     6 |     3 ||     9
 Abil: Spit Poison       |     8 |     1 ||     9
  Use: Potion            |       |     3 ||     3
 Stab: Sleeping          |     3 |     1 ||     4
       Invisible         |     2 |       ||     2
